 Dungeon Crawl Stone Soup version 0.30-a0-777-ga9a30cbeda (webtiles) character file.

Game seed: 13862679214520336603

571 kingofthe the Sneak (level 7, -13/41 HPs)
             Began as an Octopode Conjurer on Feb 14, 2023.
             Was a Believer of Sif Muna.
             Killed from afar by an acid dragon (19 damage)
             ... with a splash of acid
             ... on level 5 of the Dungeon.
             The game lasted 00:13:33 (5723 turns).

kingofthe the Sneak (Octopode Conjurer)             Turns: 5723, Time: 00:13:34

Health: -13/41     AC:  1    Str:  6    XL:     7   Next: 34%
Magic:  8/13       EV: 14    Int: 21    God:    Sif Muna [**....]
Gold:   58         SH:  0    Dex: 12    Spells: 8/14 levels left

rFire   + . .      SeeInvis .    a - staff of conjuration
rCold   . . .      Faith    .    (no shield)
rNeg    + . .      Spirit   .    (helmet restricted)
rPois   .          Reflect  .    (no amulet)
rElec   .          Harm     .    m - ring of flight
rCorr   .          Rampage  .    n - ring of protection from fire
Will    .....                    q - ring of positive energy
Stlth   ++++                     (no ring)
HPRegen 0.26/turn                (no ring)
MPRegen 0.13/turn                (no ring)
                                 (no ring)
                                 (no ring)

@: flying
A: almost no armour, amphibious, 8 rings, camouflage 1, gelatinous body 1,
(nimble swimmer 1), tentacles
a: Renounce Religion, Channel Magic


You were on level 5 of the Dungeon.
You worshipped Sif Muna.
Sif Muna was pleased with you.
You visited 2 branches of the dungeon, and saw 6 of its levels.
You also visited: Sewer.

You collected 138 gold pieces.
You spent 80 gold pieces at shops.

Inventory:

Hand Weapons
 b - a +1 spear of venom
 p - a +2 dagger of speed
 y - a +2 dagger of draining
Magical Staves
 a - a staff of conjuration (weapon)
Jewellery
 m - a ring of flight (left tentacle)
 n - a ring of protection from fire (right tentacle)
 q - a ring of positive energy (on tentacle)
Scrolls
 c - 2 scrolls of enchant armour {unknown}
 e - a scroll of poison {unknown}
 g - a scroll of magic mapping {unknown}
 h - 5 scrolls of teleportation
 i - a scroll of noise
 w - 2 scrolls of identify
 A - 2 scrolls of enchant weapon {unknown}
 B - a scroll of fog {unknown}
Potions
 d - 3 potions of mutation
 f - a potion of heal wounds {unknown}
 j - 2 potions of degeneration {unknown}
 k - a potion of experience {unknown}
 l - a potion of lignification {unknown}
 o - a potion of invisibility {unknown}
 r - 5 potions of curing
 s - 2 potions of flight {unknown}
 t - a potion of attraction {unknown}
 u - a potion of ambrosia {unknown}
 v - 2 potions of might {unknown}
 x - 2 potions of brilliance {unknown}
 z - a potion of haste {unknown}


   Skills:
 * Level 4.5 Dodging
 + Level 5.1 Stealth
 * Level 4.2 Spellcasting
 + Level 5.0 Conjurations
 + Level 1.6 Hexes


You had 8 spell levels left.
You knew the following spells:

 Your Spells              Type           Power      Damage    Failure   Level
a - Magic Dart            Conj           100%       1d8       1%          1
b - Searing Ray           Conj           76%        2d7       2%          2
c - Dazzling Flash        Conj/Hex       54%        N/A       9%          3

Your spell library contained the following spells:

 Spells                   Type           Power      Damage    Failure   Level
 Fulminant Prism          Conj/Hex       13%        3d8       30%         4
 Ignite Poison            Fire/Tmut/Pois 4%         N/A       34%         3
 Kindle Blastsparks       Fire/Tloc/Air  8%         2d10      34%         3
 Iskenderun's Mystic Bla  Conj/Tloc      22%        2d6       38%         4
 Freezing Cloud           Conj/Ice/Air   8%         6-21      86%         5


Dungeon Overview and Level Annotations

Branches:
Dungeon (5/15)             Temple (1/1) D:4           Sewer (visited)

Altars:
Cheibriados
Hepliaklqana
Kikubaaqudgha
Makhleb
Qazlal
Sif Muna
Uskayaw
Vehumet
Xom
The Shining One

Shops:
D:1 ?

Annotations:
D:3 3 runed translucent doors, kingofthe's ghost, amateur OpFE


Innate Abilities, Weirdness & Mutations

You cannot wear most types of armour.
You are amphibious.
You can wear up to eight rings at the same time.
Your skin changes colour to match your surroundings (Stealth+).
Your rubbery body absorbs attacks. (AC +1, EV +1)
((You are camouflaged when in or above water. (Stealth+)))
You have tentacles for arms and can constrict up to eight enemies at once.


Message History

Press: ? - help, Shift-Dir - straight line, f - adder
Aim: an adder (68% to hit)
You feel a surge of power!
The searing ray hits the adder!
The adder is almost dead. (Press . to maintain the ray.)
The adder bites you. The adder barely misses you.
The searing ray hits the adder!
You kill the adder!
Sif Muna accepts your kill.
HP restored.
Magic restored.
Found a short sword.
An acid dragon comes into view.
Found a book of Touch.
You can't see any susceptible monsters within range! (Use Z to cast anyway.) Unknown command.
Casting: Searing Ray (safe; 2% risk of failure)
Confirm with . or Enter, or press ? or * to list all spells.
Aiming: Searing Ray (safe; 2% risk of failure)
Press: ? - help, Shift-Dir - straight line, f - acid dragon
Aim: an acid dragon (wandering, hasn't noticed you, 81% to hit)
You feel a surge of power!
The searing ray hits the acid dragon!
The acid dragon is moderately wounded. (Press . to maintain the ray.)
The acid dragon spits acid at you. The splash of acid hits you!!
Ouch! That really hurt!
The searing ray hits the acid dragon!
The acid dragon is severely wounded.
The searing ray hits the acid dragon but does no damage.
The acid dragon is severely wounded.
The acid dragon bites you!
* * * LOW HITPOINT WARNING * * *
The acid dragon closely misses you.
The searing ray hits the acid dragon.
The acid dragon is severely wounded.
You finish channelling your searing ray.
The acid dragon spits acid at you. The splash of acid hits you!!
You die...

.# . ...
########. #. #.#
#:D...... #.#
#.# #@#######
#..##.#
#.#.....# #....#
#.#.....#
#....###.#......
#........# ....#
#....#####.)...#
#.........# ....
#..<.###### #...
#...†#


You could see an acid dragon (catching breath).

Vanquished Creatures
  An ogre (D:4)
  5 jellies
  2 iguanas (D:4)
  An orc wizard (D:4)
  Robin (D:4)
  11 adders
  2 river rats (Sewer)
  3 worms
  3 dart slugs
  6 orcs
  2 bats (D:1)
  10 endoplasms
  6 giant cockroaches
  12 goblins
  8 hobgoblins
  7 jackals
  6 kobolds
  6 quokkas
  14 ball pythons
  6 frilled lizards
  7 rats
119 creatures vanquished.

Notes
Turn   | Place    | Note
-------+----------+-------------------------------------------
     0 | D:1      | kingofthe the Octopode Conjurer began the quest for the
                  | Orb.
     0 | D:1      | Reached XP level 1. HP: 11/11 MP: 3/3
   143 | D:1      | Reached XP level 2. HP: 17/17 MP: 1/5
   396 | D:1      | Learned a level 2 spell: Searing Ray
   672 | D:1      | Reached XP level 3. HP: 21/21 MP: 2/7
   844 | D:1      | Found Ifujoaka's Magic Scroll Emporium.
  1162 | D:1      | Found a faded altar of an unknown god.
  1193 | D:2      | Found a shimmering blue altar of Sif Muna.
  1198 | D:2      | Became a worshipper of Sif Muna the Loreminder
  2327 | D:3      | Reached XP level 4. HP: 27/27 MP: 4/8
  2558 | D:3      | Found a runed translucent gate.
  2564 | D:3      | Found a runed translucent gate.
  2566 | D:3      | Noticed kingofthe's ghost (amateur OpFE)
  3045 | D:3      | Found a runed translucent gate.
  3231 | D:1      | Bought a scroll of teleportation for 30 gold pieces
  3231 | D:1      | Bought a scroll of teleportation for 30 gold pieces
  3231 | D:1      | Bought a scroll of identify for 20 gold pieces
  3444 | D:4      | Reached XP level 5. HP: 31/31 MP: 0/10
  3639 | D:4      | Found a staircase to the Ecumenical Temple.
  3733 | D:4      | Noticed Robin
  3758 | D:4      | Reached * piety under Sif Muna
  3762 | D:4      | Killed Robin
  3853 | D:4      | Found a glowing drain.
  3862 | Sewer    | Entered a sewer
  4136 | Sewer    | Reached XP level 6. HP: 36/36 MP: 4/11
  4253 | Sewer    | Learned a level 3 spell: Dazzling Flash
  4291 | Sewer    | Reached ** piety under Sif Muna
  4518 | Sewer    | Found a viscous altar of Jiyva.
  4587 | Sewer    | Reached skill level 1 in Hexes
  4815 | Temple   | Entered the Ecumenical Temple
  5071 | D:4      | Reached XP level 7. HP: 41/41 MP: 6/13
  5174 | D:4      | Reached skill level 5 in Stealth
  5176 | D:4      | Reached skill level 5 in Conjurations
  5391 | D:4      | Found a hazy altar of Hepliaklqana.
  5642 | D:5      | Entered Level 5 of the Dungeon
  5723 | D:5      | Killed from afar by an acid dragon

Illustrated notes

Levels and vault maps discovered:
D:1:      giann_wishing_wells, layout_basic, serial_shops, nicolae_shop_stone,
          shapermc_ecumenical_altar_hornbeckon, minmay_distorted
D:2:      layout_basic, basic_altar
D:3:      layout_loops_ring, gammafunk_ghost_split
D:4:      layout_basic, worldfamousw_hep_ancestral_shrine,
          minmay_temple_entry_glass, portal_sewer_entry_d, uniq_robin
D:5:      nicolae_cairo_tiling, layout_rooms,
          nicolae_dithmenos_through_a_glass_darkly, serial_co_window_serial,
          co_window_paths_a, co_window_of_opportunity_a,
          co_window_of_opportunity_a, co_window_paths_a,
          co_window_of_opportunity_a, co_window_corner_b, co_window_broadway_c,
          co_window_broadway_a, co_window_2corner, co_window_of_opportunity_c,
          co_window_corner_ca, glass_columns_a
Temple:   hellmonk_temple_rainy

Skill      XL: |  1  2  3  4  5  6  7 |
---------------+----------------------+-----
Stealth        | 3 4 5 |  5.1
Spellcasting   | 3 4 |  4.2
Dodging        | 3 4 |  4.5
Hexes          | 1 |  1.6
Conjurations   | 5 |  5.0

Action                     |  1- 3 |  4- 6 |  7- 9 || total
---------------------------+-------+-------+-------++-------
  Melee: Unarmed           |     5 |       |       ||     5
         Tentacles         |     3 |       |       ||     3
         Constrict         |     3 |       |       ||     3
         Spear             |     4 |       |       ||     4
   Cast: Magic Dart        |    83 |    84 |     7 ||   174
         Searing Ray       |     5 |    26 |     8 ||    39
    Use: Potion            |       |     1 |       ||     1
         Scroll            |       |     3 |       ||     3
 Armour: Skin              |     2 |     1 |       ||     3
  Dodge: Dodged            |     7 |    17 |     3 ||    27

Table legend: (Time is in decaauts)
 A = Elapsed time spent in this place.
 B = Non-inter-level travel time spent in this place.
 C = Inter-level travel time spent in this place.
 D = Time resting spent in this place.
 E = Time spent auto-exploring this place.
 F = Levels seen in this place.
 G = Mean time per level.
                   A        B        C        D        E       F      G
               +--------+--------+--------+--------+--------+-----+--------+
         Total |   5721 |   5346 |    375 |    646 |   4116 |   7 |  817.3 |
       Dungeon |   4800 |   4436 |    364 |    410 |   3571 |   5 |  960.0 |
        Temple |     27 |     16 |     11 |      0 |     10 |   1 |   27.0 |
         Sewer |    893 |    893 |      0 |    236 |    535 |   1 |  893.0 |
               +--------+--------+--------+--------+--------+-----+--------+

Top non-repeatable levels by time:
     D:4: 1429 daAuts
     D:1: 1229 daAuts
     D:2: 1098 daAuts
     D:3: 1004 daAuts
   Sewer: 893 daAuts
     D:5: 39 daAuts
  Temple: 27 daAuts
